[Event "Team 45 45 League T58"]
[Site "Internet Chess Club"]
[Date "2013.09.28"]
[Round "6"]
[White "Berke"]
[Black "sergiosiro"]
[Result "0-1"]
[WhiteElo "1465"]
[BlackElo "1350"]
[Opening "Four knights: Italian variation"]
[ECO "C55"]
[Time "08:01:04"]
[TimeControl "2700+45"]

1. e4 e5 2. Nf3 Nc6 3. Bc4 Nf6 4. Nc3 Be7 5. Bb3 d6 6. d4 exd4 7. Nxd4 Bd7 8.
Be3 O-O 9. O-O Na5 10. f4 Nxb3 11. axb3 c5 12. Nf3 Bc6 13. e5 Ng4 14. Qe2 Nxe3
15. Qxe3 Re8 16. Rad1 d5 17. Qd3 d4 18. Ne4 Qb6 19. Neg5 g6 20. Kh1 Bb5 21. Qxb5
Qxb5 22. c4 Qxb3 23. Rxd4 cxd4 24. Nxd4 Qd3 25. Nxf7 Qxf1# {White checkmated}
0-1

[Event "Team 45 45 League T58"]
[Site "Internet Chess Club"]
[Date "2013.09.27"]
[Round "6"]
[White "DrOMM"]
[Black "tamky70"]
[Result "0-1"]
[WhiteElo "1337"]
[BlackElo "1419"]
[Opening "French: advance, Paulsen attack"]
[ECO "C00"]
[Time "10:01:01"]
[TimeControl "2700+45"]

1. e4 e6 2. Nf3 d5 3. e5 c5 4. c3 Nc6 5. d4 cxd4 6. cxd4 Nh6 7. Bd3 Be7 8. a3
Nf5 9. Bxf5 exf5 10. O-O Be6 11. Nc3 a6 12. Qb3 Qd7 13. Be3 O-O 14. Rfd1 Na5 15.
Qc2 Nc4 16. Bg5 Bxg5 17. Nxg5 h6 18. Nf3 Rac8 19. Rac1 b5 20. a4 b4 21. b3 bxc3
22. bxc4 Rxc4 23. a5 Rfc8 24. Rd3 Qa4 25. Qxa4 Rxa4 26. Rdxc3 Rxc3 {White
resigns} 0-1

[Event "Team 45 45 League T58"]
[Site "Internet Chess Club"]
[Date "2013.10.01"]
[Round "6"]
[White "QuimCatala"]
[Black "Aquaman"]
[Result "0-1"]
[WhiteElo "1425"]
[BlackElo "1367"]
[Opening "Pirc: Ufimtsev-Pytel variation"]
[ECO "B12"]
[Time "15:01:05"]
[TimeControl "2700+45"]

1. e4 c6 2. d4 d6 3. Nc3 Nf6 4. h3 Nbd7 5. Nf3 e5 6. Be3 Be7 7. Qd2 O-O 8. O-O-O
b5 9. g4 Nb6 10. Kb1 Qc7 11. Ne1 Rb8 12. f3 a5 13. a3 b4 14. axb4 axb4 15. Na2
b3 16. Nc3 bxc2+ 17. Nxc2 Qb7 18. Qc1 Bd7 19. h4 Ra8 20. h5 Na4 21. Na2 Qb3 22.
Ncb4 c5 23. Bc4 Nc3+ 24. Qxc3 Qxc3 25. bxc3 cxb4 26. Nxb4 Rfc8 27. dxe5 dxe5 28.
g5 Rxc4 29. Kc2 Ba4+ 30. Kd3 Rxb4 31. Ra1 Rd8+ 32. Ke2 Bb5+ 33. Ke1 Rc4 34. gxf6
Bxf6 35. Kf2 Rxc3 36. Rae1 h6 37. Rhg1 Kh7 38. Kg3 Rdd3 39. Rb1 Rxe3 40. Rxb5
Rxf3+ 41. Kg4 Rf4# {White checkmated} 0-1

[Event "Team 45 45 League T58"]
[Site "Internet Chess Club"]
[Date "2013.09.28"]
[Round "6"]
[White "Conjurer"]
[Black "semperfi"]
[Result "0-1"]
[WhiteElo "1349"]
[BlackElo "1365"]
[Opening "English opening"]
[ECO "A17"]
[Time "21:00:58"]
[TimeControl "2700+45"]

1. c4 Nf6 2. Nc3 e6 3. g3 d5 4. Bg2 c6 5. Nf3 Nbd7 6. b3 dxc4 7. bxc4 Nb6 8. d3
Bc5 9. O-O O-O 10. Bg5 h6 11. Bf4 Nbd7 12. Qd2 Re8 13. Bxh6 gxh6 14. Qxh6 Ng4
15. Qh5 Ngf6 16. Qg5+ Kf8 17. Ne5 Nxe5 18. Qxe5 Bd4 19. Qf4 Bxc3 20. Rab1 Qd4
21. Qh6+ Ke7 22. Qc1 a5 23. Qa3+ Bb4 24. Rxb4 axb4 25. Qxb4+ Qd6 {White resigns}
0-1

[Event "Team 45 45 League T58"]
[Site "Internet Chess Club"]
[Date "2013.09.28"]
[Round "6"]
[White "dabodhi"]
[Black "guyd52"]
[Result "1-0"]
[WhiteElo "1382"]
[BlackElo "1341"]
[Opening "Queen's pawn game"]
[ECO "D04"]
[Time "20:00:25"]
[TimeControl "2700+45"]

1. d4 d5 2. Nf3 Nf6 3. e3 g6 4. c4 c6 5. Nc3 Bg7 6. Be2 O-O 7. O-O Bf5 8. b4
dxc4 9. Bxc4 b5 10. Bb3 e6 11. a4 a6 12. h3 Qd6 13. Ba3 Be4 14. Ng5 Bd5 15. e4
Bxb3 16. Qxb3 Qxd4 17. Rad1 Qe5 18. Nf3 Qf4 19. Bc1 Qc7 20. Be3 Nbd7 21. Bd4 c5
22. bxc5 Nxc5 23. Qc2 Nxa4 24. Rc1 Nxc3 25. Qxc3 Qxc3 26. Rxc3 Nxe4 27. Rc7 Bxd4
28. Nxd4 Nd2 29. Rd1 Nc4 30. Nc6 Rfc8 31. Ne7+ {Black resigns} 1-0

[Event "Team 45 45 League T58"]
[Site "Internet Chess Club"]
[Date "2013.09.28"]
[Round "6"]
[White "Toalla"]
[Black "Aquaman"]
[Result "1-0"]
[WhiteElo "1335"]
[BlackElo "1347"]
[Opening "Kevitz-Trajkovich defense"]
[ECO "A50"]
[Time "15:13:34"]
[TimeControl "2700+45"]

1. d4 Nf6 2. c4 Nc6 3. e3 e5 4. d5 Ne7 5. Nf3 d6 6. Nc3 Ng6 7. Be2 Be7 8. O-O
O-O 9. Re1 Ne8 10. Bd2 f5 11. Qc2 e4 12. Nd4 Ne5 13. f4 exf3 14. Nxf3 Ng6 15.
Bd3 Bg5 16. e4 Bxd2 17. Qxd2 fxe4 18. Nxe4 Nf4 19. Kh1 Nxd3 20. Qxd3 Bf5 21. Qc3
Bxe4 22. Rxe4 Nf6 23. Re6 Re8 24. Rae1 Qd7 25. Rxe8+ Rxe8 26. Rxe8+ Qxe8 27. Ng5
h6 28. Ne6 Qd7 29. Kg1 Qf7 30. Qf3 Qe7 31. Kf2 Nd7 32. b4 Ne5 33. Qe4 Qf7+ 34.
Ke3 c6 35. a4 cxd5 36. cxd5 Qd7 37. b5 Qc8 38. Qd4 Qc1+ 39. Ke4 Qe1+ 40. Qe3
Qh4+ 41. Qf4 Qe1+ 42. Qe3 Qb4+ 43. Qd4 Qb1+ 44. Ke3 Qg1+ 45. Ke4 Qxg2+ 46. Kf5
b6 47. Qh4 Qg6+ 48. Kf4 Nd3+ 49. Ke3 Ne5 50. Qd8+ Kf7 51. Qf8# {Black
checkmated} 1-0

[Event "Team 45 45 League T58"]
[Site "Internet Chess Club"]
[Date "2013.09.29"]
[Round "6"]
[White "RobertBuice"]
[Black "wekabird"]
[Result "1/2-1/2"]
[WhiteElo "1040"]
[BlackElo "1176"]
[Opening "QGD semi-Slav"]
[ECO "D43"]
[Time "20:00:38"]
[TimeControl "2700+45"]

1. d4 d5 2. c4 c6 3. Nf3 Nf6 4. Nc3 e6 5. Bg5 Be7 6. e3 O-O 7. Bd3 g6 8. O-O b6
9. a3 dxc4 10. Bxc4 Ba6 11. Qd3 Bxc4 12. Qxc4 b5 13. Qd3 Nbd7 14. Bh6 Re8 15.
Rfe1 Nc5 16. Qc2 Na6 17. Rad1 Nd5 18. Nxd5 cxd5 19. b4 Rc8 20. Qb2 Bf8 21. Bg5
Qd7 22. Ne5 Qb7 23. Ng4 Bg7 24. Nh6+ Bxh6 25. Bxh6 Qe7 26. e4 Qh4 27. Qd2 dxe4
28. Qg5 Qxg5 29. Bxg5 Kg7 30. Rxe4 f5 31. Ree1 Rcd8 32. Bxd8 Rxd8 33. Rc1 Kf6
34. h3 Rxd4 35. Red1 Rxd1+ 36. Rxd1 Nc7 37. Rd7 Nd5 38. Rxa7 Nc3 39. Kf1 h5 40.
Rc7 Nb1 41. Ke1 Nxa3 42. h4 g5 43. hxg5+ Kxg5 44. Rg7+ Kh6 45. Rg3 Nc2+ 46. Kd2
Nxb4 47. Kc3 f4 48. Rf3 Nd5+ 49. Kd4 b4 50. Ke5 Kg5 51. Kxe6 Nc3 52. Rd3 h4 53.
Ke5 h3 54. Rxh3 Kg4 55. Rd3 Na2 56. Kd5 Nc1 57. Rd4 b3 58. Rb4 Nd3 59. Rxb3 Nxf2
60. Ke5 Nh1 61. Rb6 f3 62. gxf3+ Kxf3 63. Rb4 Nf2 64. Rb3+ Kg2 65. Kf4 Kf1 66.
Kf3 Ke1 67. Rb1+ Nd1 68. Ra1 Kd2 69. Ra3 Ke1 70. Ra2 Kf1 71. Rh2 {Game drawn by
mutual agreement} 1/2-1/2

[Event "Team 45 45 League T58"]
[Site "Internet Chess Club"]
[Date "2013.09.30"]
[Round "6"]
[White "fuzzface"]
[Black "seattleblues"]
[Result "0-1"]
[WhiteElo "1347"]
[BlackElo "1509"]
[Opening "Nimzo-Indian: Leningrad variation"]
[ECO "E30"]
[Time "19:00:28"]
[TimeControl "2700+45"]

1. d4 Nf6 2. c4 e6 3. Nc3 Bb4 4. Bg5 h6 5. a3 Bxc3+ 6. bxc3 hxg5 7. Nf3 g4 8.
Ne5 d6 9. Nd3 Nc6 10. g3 Ne4 11. Qc2 e5 12. d5 Ne7 13. Bg2 Bf5 14. Qa4+ Qd7 15.
Qb3 b6 16. f3 gxf3 17. exf3 Nxg3 18. hxg3 Rxh1+ 19. Bxh1 Bxd3 20. Kd2 Bg6 21.
Bg2 O-O-O 22. Rh1 Nf5 23. g4 Nh6 24. a4 a5 25. Bh3 Kb8 26. g5 Nf5 27. Qb2 Qxa4
28. Ra1 Qxc4 29. Rxa5 Qf4+ 30. Kd3 Ng3+ 31. Bf5 Bxf5# {White checkmated} 0-1

[Event "Team 45 45 League T58"]
[Site "Internet Chess Club"]
[Date "2013.09.25"]
[Round "6"]
[White "medsurg"]
[Black "Tribe97"]
[Result "1/2-1/2"]
[WhiteElo "1317"]
[BlackElo "1322"]
[Opening "Queen's pawn game"]
[ECO "D02"]
[Time "19:00:09"]
[TimeControl "2700+45"]

1. d4 d5 2. Nf3 e6 3. c4 f5 4. Nc3 Nf6 5. Bg5 c6 6. Ne5 Bd6 7. cxd5 cxd5 8. e3
O-O 9. Be2 Nbd7 10. f4 Qa5 11. O-O Ne4 12. Nxe4 fxe4 13. g4 Nxe5 14. fxe5 Rxf1+
15. Bxf1 Bf8 16. a3 Bd7 17. Rc1 Ba4 18. Qe2 Re8 19. Bh4 Be7 20. Bxe7 Rxe7 21.
Rc8+ Re8 22. Rxe8+ Bxe8 23. Qc2 Qe1 24. Qf2 Qxf2+ 25. Kxf2 Ba4 26. Ke1 Kf7 27.
h4 b5 28. Kd2 a5 29. Be2 b4 30. axb4 axb4 31. Bd1 Bb5 32. Be2 Bxe2 33. Kxe2 Ke7
34. Kd2 Kd7 35. Kc2 Kc6 36. Kb3 Kb5 37. g5 g6 38. Kc2 Kc4 39. b3+ Kb5 40. Kd2
Ka6 41. Ke2 Kb6 42. Kf2 Kc6 43. Kg3 Kd7 44. Kg4 Ke7 45. h5 Kf7 46. Kh4 Kg7 47.
Kg4 Kf7 {Game drawn by mutual agreement} 1/2-1/2

[Event "Team 45 45 League T58"]
[Site "Internet Chess Club"]
[Date "2013.09.30"]
[Round "6"]
[White "kabubi"]
[Black "rgadoury"]
[Result "1/2-1/2"]
[WhiteElo "1140"]
[BlackElo "1226"]
[Opening "QP counter-gambit (elephant gambit)"]
[ECO "C40"]
[Time "19:00:28"]
[TimeControl "2700+45"]

1. e4 e5 2. Nf3 d5 3. d3 Bd6 4. Nbd2 Nf6 5. g3 d4 6. c3 c5 7. Bg2 O-O 8. O-O Bd7
9. Qe2 Nc6 10. h3 b5 11. b3 dxc3 12. Nb1 Nd4 13. Qd1 b4 14. Nxd4 cxd4 15. Qc2 a5
16. a4 h6 17. f4 Nh5 18. Qf2 Ra7 19. Bf3 Bxh3 20. Bxh5 Bxf1 21. Qxf1 g6 22. Bg4
f6 23. f5 g5 24. Qh3 Rh7 25. Bh5 Qe7 26. Bg6 Rh8 27. Ra2 Qg7 28. Qh5 Rb8 29. g4
Rc8 30. Rc2 Kf8 31. Kf2 Ke7 32. Kf3 Rcg8 33. Kg3 Kd8 34. Kf3 Rf8 35. Kg3 Ke7 36.
Kf3 Kd8 37. Kg3 Ke7 38. Kf3 Kd8 {Game drawn by repetition} 1/2-1/2

[Event "Team 45 45 League T58"]
[Site "Internet Chess Club"]
[Date "2013.10.02"]
[Round "6"]
[White "mindstorm"]
[Black "chips"]
[Result "1/2-1/2"]
[WhiteElo "1355"]
[BlackElo "1167"]
[Opening "Scandinavian (center counter) defense"]
[ECO "B01"]
[Time "15:00:34"]
[TimeControl "2700+45"]

1. e4 d5 2. exd5 Qxd5 3. Nc3 Qe5+ 4. Nge2 Nf6 5. g3 g6 6. Bg2 c6 7. d4 Qa5 8.
O-O Bg7 9. Bf4 O-O 10. Re1 e6 11. a3 Nbd7 12. b4 Qh5 13. Nc1 Qxd1 14. Rxd1 Nb6
15. Nb3 Nbd5 16. Nxd5 Nxd5 17. Be5 f6 18. Bf4 Nxf4 19. gxf4 Bh6 20. Nd2 Bxf4 21.
Ne4 f5 22. Nc5 Bd6 23. c4 Bxc5 24. dxc5 Rf7 25. b5 cxb5 26. cxb5 Rb8 27. f4 Rd7
28. Rxd7 Bxd7 29. a4 Kf8 30. Rd1 Ke7 31. h4 a6 32. c6 bxc6 33. bxc6 Bc8 34. c7
Rb4 35. Rd8 Bd7 36. c8=Q Bxc8 37. Rxc8 Rxa4 38. Rc7+ Kf6 39. Rxh7 Rxf4 40. Ra7
Rxh4 41. Rxa6 Rb4 42. Bd5 Rb1+ 43. Kh2 Re1 44. Bc4 Re4 45. Ba2 f4 46. Kg2 g5 47.
Kf3 Re1 48. Kf2 Re5 49. Kf3 Kf5 50. Bb1+ Kf6 51. Kg4 Re1 52. Ba2 Re5 53. Ra8 Ke7
54. Ra7+ Kf6 55. Ra8 Ke7 56. Rg8 Kf6 57. Bb1 Rc5 58. Rg6+ Ke7 59. Ba2 Re5 60.
Rg7+ Kd6 61. Rg6 Ke7 {Game drawn by mutual agreement} 1/2-1/2

[Event "Team 45 45 League T58"]
[Site "Internet Chess Club"]
[Date "2013.09.29"]
[Round "6"]
[White "arconia"]
[Black "MasterD"]
[Result "0-1"]
[WhiteElo "1266"]
[BlackElo "1218"]
[Opening "French defense"]
[ECO "C00"]
[Time "10:30:36"]
[TimeControl "2700+45"]

1. e4 e6 2. Nf3 d5 3. e5 c5 4. Be2 Nc6 5. O-O Bd7 6. d3 Nge7 7. h3 Nf5 8. Nh2
Be7 9. f4 O-O 10. Nd2 Ne3 11. Qe1 Nxf1 12. Qxf1 Nd4 13. Bd1 Bh4 14. Ndf3 Bg3 15.
Nxd4 cxd4 16. b3 Qh4 17. Nf3 Qe7 18. Nxd4 Qc5 19. Bb2 f6 20. a4 fxe5 21. Kh1
exd4 22. Ba3 Qc3 23. Rb1 Rxf4 24. Qe2 Raf8 25. Bxf8 Rxf8 26. Qg4 {White resigns}
0-1

[Event "Team 45 45 League T58"]
[Site "Internet Chess Club"]
[Date "2013.09.28"]
[Round "6"]
[White "RockingCHESS"]
[Black "oldbookseller"]
[Result "1-0"]
[WhiteElo "980"]
[BlackElo "955"]
[Opening "Queen's pawn game"]
[ECO "D05"]
[Time "10:00:42"]
[TimeControl "2700+45"]

1. d4 d5 2. Nf3 e6 3. e3 Nf6 4. Bd3 Bd6 5. O-O Nbd7 6. c4 O-O 7. c5 Nxc5 8. dxc5
Bxc5 9. Nbd2 Bd7 10. e4 Bc6 11. e5 Ng4 12. Nb3 Bxf2+ 13. Kh1 Bb6 14. Ng5 Nf2+
15. Rxf2 Bxf2 16. Bxh7+ Kh8 17. Qh5 g6 18. Bxg6+ {Black resigns} 1-0

[Event "Team 45 45 League T58"]
[Site "Internet Chess Club"]
[Date "2013.09.25"]
[Round "6"]
[White "sesquipedal"]
[Black "Stiltzkin"]
[Result "1-0"]
[WhiteElo "1818"]
[BlackElo "1677"]
[Opening "Sicilian defense"]
[ECO "B40"]
[Time "15:00:57"]
[TimeControl "2700+45"]

1. e4 c5 2. Nf3 e6 3. d3 Nc6 4. g3 g6 5. Bg2 Bg7 6. O-O Nge7 7. Nc3 d6 8. Be3
Rb8 9. Qd2 Nd4 10. Rab1 O-O 11. Ne2 e5 12. c3 Nxf3+ 13. Bxf3 Be6 14. Bg2 a6 15.
b4 cxb4 16. Rxb4 Qa5 17. a4 Nc6 18. Bb6 Nxb4 19. Bxa5 Nc6 20. Bc7 Rbc8 21. Bxd6
Rfd8 22. Bc5 Rd7 23. d4 Bb3 24. Bh3 Nxd4 25. cxd4 Rxc5 26. Bxd7 {Black resigns}
1-0

[Event "Team 45 45 League T58"]
[Site "Internet Chess Club"]
[Date "2013.09.27"]
[Round "6"]
[White "DaveTheRook"]
[Black "losscause"]
[Result "1/2-1/2"]
[WhiteElo "1674"]
[BlackElo "1576"]
[Opening "Réti: King's Indian attack (with ...c5)"]
[ECO "A08"]
[Time "19:00:52"]
[TimeControl "2700+45"]

1. Nf3 d5 2. g3 c5 3. d3 Nc6 4. Bg2 e5 5. O-O Be7 6. Nbd2 f5 7. e4 fxe4 8. dxe4
d4 9. Nc4 Qc7 10. Nfxe5 Nf6 11. Nxc6 bxc6 12. Bf4 Qd8 13. Re1 O-O 14. b3 a5 15.
a4 Be6 16. Qe2 Bg4 17. f3 Be6 18. Rad1 Qc8 19. Bg5 Qd8 20. Bxf6 Rxf6 21. f4 Qc7
22. e5 Rff8 23. Bf3 Rad8 24. Bg4 Bxg4 25. Qxg4 Rd7 26. Nxa5 d3 27. Qe6+ Kh8 28.
Rxd3 Rxd3 29. cxd3 Qxa5 30. Rf1 Qd8 {Game drawn by mutual agreement} 1/2-1/2

[Event "Team 45 45 League T58"]
[Site "Internet Chess Club"]
[Date "2013.09.26"]
[Round "6"]
[White "Babbs58"]
[Black "SATELLITE-DAN"]
[Result "0-1"]
[WhiteElo "1468"]
[BlackElo "1481"]
[Opening "Sicilian: closed"]
[ECO "B23"]
[Time "03:01:17"]
[TimeControl "2700+45"]

1. e4 c5 2. Nc3 d6 3. f4 e5 4. Nf3 Be7 5. Nd5 Nc6 6. Bb5 Nf6 7. Bxc6+ bxc6 8.
Nc3 Ng4 9. O-O exf4 10. h3 Ne5 11. d3 Bg5 12. Nxg5 Qxg5 13. Bxf4 Qg6 14. Qe1
Bxh3 15. Qd2 O-O 16. Rae1 Rae8 17. Re3 Bc8 18. Rg3 Qe6 19. Bh6 Ng6 20. Rh3 Qe5
21. Rh2 gxh6 22. Qxh6 Qg7 23. Qh5 f5 24. Rf3 fxe4 25. Nxe4 Rxf3 26. Qxf3 Rf8 27.
Qe3 Qxb2 28. Rh5 Qa1+ 29. Kh2 Rf1 30. Nf2 Qf6 31. Qe8+ Nf8 32. Nh3 Bxh3 33. Rxh3
Qf4+ 34. Rg3+ Kh8 35. Qe3 Qxe3 36. Rxe3 Rf7 37. c4 Kg7 38. Re4 Kf6 39. Kh3 d5
40. cxd5 cxd5 41. Re3 Rg7 42. g4 Ne6 43. Rf3+ Ke5 44. Re3+ Kd6 45. Kh4 d4 46.
Rf3 Ke5 47. Rf5+ Kd6 48. Kh5 c4 49. dxc4 Rg5+ 50. Rxg5 Nxg5 51. Kxg5 d3 52. Kh6
d2 53. Kxh7 d1=Q 54. g5 Qh5+ 55. Kg7 Qxg5+ 56. Kf7 Ke5 57. c5 Qf6+ 58. Ke8 Ke6
59. c6 Qh8# {White checkmated} 0-1

[Event "Team 45 45 League T58"]
[Site "Internet Chess Club"]
[Date "2013.09.29"]
[Round "6"]
[White "Megasus"]
[Black "stanbeers"]
[Result "0-1"]
[WhiteElo "1527"]
[BlackElo "1513"]
[Opening "Queen's pawn game, Darooha variation "]
[ECO "D02"]
[Time "20:00:45"]
[TimeControl "2700+45"]

1. Nf3 d5 2. d4 Nf6 3. Nbd2 Bf5 4. e3 c6 5. h3 Nbd7 6. c3 e6 7. Qb3 Qc8 8. c4
Nb6 9. Ne5 h6 10. Bd3 Bxd3 11. Qxd3 Bb4 12. a3 Bxd2+ 13. Bxd2 Nbd7 14. b3 Qc7
15. Bc3 O-O 16. g4 Nxe5 17. dxe5 Ne4 18. f3 Nc5 19. Qc2 Nd7 20. f4 f5 21. Ke2
Rfe8 22. Rag1 Nc5 23. gxf5 exf5 24. Qxf5 Ne4 25. Bb2 Rf8 26. Qe6+ Kh8 27. Qxh6+
Kg8 28. e6 Nf6 29. Bxf6 Rxf6 30. Qg6 Rxg6 31. Rxg6 Qe7 32. Rhg1 dxc4 33. bxc4
Rf8 34. h4 Rf6 35. h5 Rxe6 36. Rxg7+ Qxg7 37. Rxg7+ Kxg7 38. Kf3 Kh6 39. e4 Kxh5
40. f5 Rd6 41. Kf4 Kh6 42. c5 Rd1 43. Ke5 Kg7 44. Ke6 Kf8 45. e5 Ke8 46. f6 Rd5
47. a4 Kf8 48. f7 Rxc5 49. Kd6 Rd5+ 50. Ke6 Rd4 {White resigns} 0-1

[Event "Team 45 45 League T58"]
[Site "Internet Chess Club"]
[Date "2013.09.27"]
[Round "6"]
[White "Constrictor"]
[Black "JDD01"]
[Result "1-0"]
[WhiteElo "1769"]
[BlackElo "1747"]
[Opening "Bird's opening"]
[ECO "A02"]
[Time "20:14:45"]
[TimeControl "2700+45"]

1. f4 c5 2. b3 Nc6 3. Bb2 d6 4. e3 Bf5 5. Nf3 Nf6 6. Bb5 Qb6 7. Bxc6+ Qxc6 8. d3
Bg4 9. O-O e6 10. Nbd2 Be7 11. e4 O-O 12. h3 Bxf3 13. Qxf3 Nd7 14. Qg3 Bf6 15.
e5 dxe5 16. fxe5 Be7 17. Rf4 h6 18. Rg4 g6 19. Rf1 Bg5 20. Ne4 Be7 21. Nf6+ Kg7
22. Qe3 Bxf6 23. exf6+ Kh7 24. Bc1 g5 25. Rxg5 hxg5 26. Qxg5 Qxg2+ 27. Qxg2 Rg8
28. Bg5 Rxg5 29. Qxg5 Rg8 30. Qxg8+ Kxg8 31. Kg2 Kh7 32. Rf4 Kg6 33. Ra4 a6 34.
Rg4+ Kxf6 35. Rg8 Ne5 36. Rb8 b5 37. Rb6 Nd7 38. Rxa6 b4 39. Rc6 Ke5 40. h4 Kd5
41. Rc7 Kd6 42. Ra7 Ne5 43. h5 f5 44. h6 f4 45. h7 f3+ 46. Kf2 Ng6 47. Ra8 c4
48. bxc4 b3 49. axb3 e5 50. h8=Q Nxh8 51. Rxh8 e4 52. dxe4 Kc5 53. Rd8 Kb4 54.
e5 Kc3 55. e6 Kb2 56. e7 Kb1 57. e8=Q Kb2 58. Qe5+ Kb1 59. Kxf3 Kc1 60. Qe2 Kb2
61. Qd2 Ka3 62. Ra8+ Kb2 63. c5 Kb1 64. c6 Kb2 65. c7 Kb1 66. c8=Q Kb2 67. Qh8+
Kb1 68. Qa1# {Black checkmated} 1-0

[Event "Team 45 45 League T58"]
[Site "Internet Chess Club"]
[Date "2013.09.25"]
[Round "6"]
[White "Hal2001"]
[Black "tryanything"]
[Result "0-1"]
[WhiteElo "1555"]
[BlackElo "1575"]
[Opening "French: Two knights variation"]
[ECO "C00"]
[Time "19:10:05"]
[TimeControl "2700+45"]

1. e4 e6 2. Nf3 d5 3. Nc3 dxe4 4. Nxe4 Nf6 5. Nxf6+ Qxf6 6. d4 h6 7. Be3 Bd6 8.
Qd2 b6 9. Be2 Bb7 10. O-O-O Nd7 11. h4 O-O-O 12. Qc3 Kb8 13. Kb1 Qe7 14. a3 Nf6
15. Ne5 Bxe5 16. dxe5 Nd5 17. Qb3 Nxe3 18. Rxd8+ Rxd8 19. Qxe3 f5 20. Rg1 Qxh4
21. g4 Qh2 22. f4 g6 23. gxf5 gxf5 24. Rg6 Qh1+ 25. Rg1 Qe4 26. Qxe4 Bxe4 27.
Rg6 Rd2 28. Ba6 c5 29. Rxh6 Rxc2 30. Rh8+ Kc7 31. Rc8+ Kd7 32. Rf8 Rf2+ 33. Kc1
Rxf4 34. Rf7+ Kc6 35. Rxa7 Kd5 36. Rb7 Kxe5 37. Rxb6 Bd5 38. Bc8 Rd4 39. Kc2 f4
40. Ba6 c4 41. Rb8 f3 42. Rf8 Rf4 43. Rxf4 Kxf4 44. Kd2 Kg3 45. Ke1 f2+ 46. Kf1
Bg2+ {White resigns} 0-1

[Event "Team 45 45 League T58"]
[Site "Internet Chess Club"]
[Date "2013.09.29"]
[Round "6"]
[White "PostMike"]
[Black "alaskauk"]
[Result "0-1"]
[WhiteElo "1405"]
[BlackElo "1478"]
[Opening "Caro-Kann: Tartakower (Nimzovich) variation"]
[ECO "B15"]
[Time "09:00:45"]
[TimeControl "2700+45"]

1. e4 c6 2. d4 d5 3. Nc3 dxe4 4. Nxe4 Nf6 5. Nxf6+ exf6 6. Nf3 Bd6 7. Bd3 Be6 8.
O-O Qb6 9. c4 Qc7 10. Re1 O-O 11. a3 Na6 12. b4 Rad8 13. h3 Qc8 14. Qc2 g6 15.
c5 Bb8 16. Bxa6 bxa6 17. Bh6 Rfe8 18. Rad1 Bxh3 19. Rxe8+ Rxe8 20. d5 Qg4 {White
resigns} 0-1

[Event "Team 45 45 League T58"]
[Site "Internet Chess Club"]
[Date "2013.09.27"]
[Round "6"]
[White "gcl"]
[Black "MBAStudent"]
[Result "0-1"]
[WhiteElo "1661"]
[BlackElo "1703"]
[Opening "Sicilian: Grand Prix attack"]
[ECO "B23"]
[Time "13:06:44"]
[TimeControl "2700+45"]

1. e4 c5 2. Nc3 Nc6 3. f4 d6 4. Nf3 g6 5. Bb5 Bd7 6. Qe2 Bg7 7. d3 a6 8. Bxc6
Bxc6 9. h4 Nf6 10. e5 Nh5 11. Rg1 Ng3 12. Qf2 Nf5 13. g4 Bxf3 14. gxf5 Bh5 15.
fxg6 fxg6 16. Be3 O-O 17. Kd2 dxe5 18. Bxc5 Rxf4 19. Qg3 Bh6 20. Ke1 Bg7 21. Ne4
Rxe4+ 22. dxe4 Qc7 23. Qb3+ Kh8 24. Be3 Qc6 25. Qd5 Qxc2 26. Rc1 Qe2# {White
checkmated} 0-1

[Event "Team 45 45 League T58"]
[Site "Internet Chess Club"]
[Date "2013.09.28"]
[Round "6"]
[White "John3v16"]
[Black "Whalen"]
[Result "0-1"]
[WhiteElo "1642"]
[BlackElo "1645"]
[Opening "QGA: classical, 6...a6"]
[ECO "D27"]
[Time "09:01:37"]
[TimeControl "2700+45"]

1. d4 d5 2. c4 dxc4 3. e3 Nf6 4. Bxc4 e6 5. Nf3 c5 6. O-O a6 7. Nc3 b5 8. Bd3
Bb7 9. a4 b4 10. Ne2 Nbd7 11. a5 Bd6 12. Ng3 Qc7 13. Qe2 h5 14. Re1 h4 15. Nf1
h3 16. g3 cxd4 17. Nxd4 Nc5 18. Bd2 Nxd3 19. Qxd3 O-O 20. Rec1 Qd7 21. Ne2 Bf3
22. Nf4 e5 23. Ne2 Rfd8 24. Be1 Qb7 25. Nd2 Bxe2 {White resigns} 0-1

[Event "Team 45 45 League T58"]
[Site "Internet Chess Club"]
[Date "2013.09.28"]
[Round "6"]
[White "parrot9"]
[Black "kabindra"]
[Result "0-1"]
[WhiteElo "1571"]
[BlackElo "1833"]
[Opening "Scotch game"]
[ECO "C45"]
[Time "14:01:19"]
[TimeControl "2700+45"]

1. e4 e5 2. Nf3 Nc6 3. d4 exd4 4. Nxd4 Bc5 5. Be3 Qf6 6. c3 d6 7. Be2 Bd7 8. O-O
Nh6 9. Na3 a6 10. Nac2 Qg6 11. Bf3 Ne5 12. Nb3 Bxe3 13. Nxe3 O-O 14. Nd4 f5 15.
exf5 Nxf5 16. Ndxf5 Bxf5 17. Nxf5 Qxf5 18. Bxb7 Rab8 19. Bd5+ Kh8 20. Bb3 Qg5
21. f3 Qe3+ 22. Kh1 Nd3 23. Qc2 Rbe8 24. h3 Ne5 25. Rae1 Qh6 26. Qe2 Rd8 27.
Qxa6 Nxf3 28. Re7 Ne5 29. Rxf8+ Rxf8 30. Rxc7 Ng4 31. Qe2 Qc1+ 32. Bd1 Ne3 33.
Kh2 h6 34. Bb3 Nf1+ 35. Kg1 Ng3+ 36. Qd1 Rf1+ 37. Qxf1 Qxf1+ 38. Kh2 Ne4 39.
Rc8+ Kh7 40. Bc2 Qf4+ {White resigns} 0-1

[Event "Team 45 45 League T58"]
[Site "Internet Chess Club"]
[Date "2013.10.01"]
[Round "6"]
[White "KidRattler"]
[Black "Invicta-Knight"]
[Result "0-1"]
[WhiteElo "1482"]
[BlackElo "1510"]
[Opening "English: ultra-symmetrical variation"]
[ECO "A36"]
[Time "15:07:34"]
[TimeControl "2700+45"]

1. c4 c5 2. Nc3 Nc6 3. g3 g6 4. Bg2 Bg7 5. e3 Nf6 6. Nge2 O-O 7. O-O d6 8. d4
cxd4 9. exd4 Bg4 10. f3 Bf5 11. Be3 Qd7 12. Nf4 b6 13. Qa4 Qc7 14. d5 Ne5 15. b3
Nfd7 16. Nb5 Qb7 17. Rac1 Nc5 18. Bxc5 dxc5 19. Rfd1 g5 20. Nh5 Nd3 21. Nxg7
Kxg7 22. Rc3 Nb2 23. Qa3 Nxd1 24. Qc1 Nxc3 25. Qxg5+ Bg6 26. Qe5+ Kg8 27. Nxc3
Qd7 28. Ne2 Rfe8 29. Nf4 Qf5 30. Qc3 Qb1+ 31. Bf1 Qc2 32. Qa1 Qb1 33. Qc3 Rad8
34. h4 Qf5 35. Bd3 Qf6 36. Qd2 Bxd3 37. Nxd3 Kh8 38. Nf2 Rg8 39. Ne4 Qxf3 40.
Ng5 Qxg3+ 41. Kf1 Rxg5 42. hxg5 Rg8 43. d6 Qxd6 44. g6 Qxd2 45. g7+ Rxg7 {White
resigns} 0-1

[Event "Team 45 45 League T58"]
[Site "Internet Chess Club"]
[Date "2013.09.26"]
[Round "6"]
[White "Lumumba"]
[Black "rayonline53"]
[Result "1-0"]
[WhiteElo "1580"]
[BlackElo "1479"]
[Opening "King's Indian: London system"]
[ECO "A48"]
[Time "18:01:03"]
[TimeControl "2700+45"]

1. d4 Nf6 2. Nf3 g6 3. Bf4 d6 4. e3 Bg7 5. h3 O-O 6. Be2 c5 7. c3 b6 8. O-O Ba6
9. Nbd2 Bxe2 10. Qxe2 Nbd7 11. a4 Qc7 12. Rac1 Qb7 13. Rfd1 Rac8 14. Bh2 Rfe8
15. Qd3 e5 16. dxe5 dxe5 17. e4 Rcd8 18. Qe2 h6 19. Re1 Nh5 20. Nc4 Qc7 21. Rcd1
Nf4 22. Qc2 g5 23. Nd6 Re6 24. Nf5 Ng6 25. Qd2 Ne7 26. Nxe7+ Rxe7 27. Qd6 Qxd6
28. Rxd6 f6 29. Red1 Kf7 30. Ne1 Ke8 31. Nc2 Rc8 32. Ne3 Nf8 33. Nf5 Rf7 34.
Nxg7+ Rxg7 35. Rxf6 Rh7 36. Bxe5 Re7 37. Bd6 {Black resigns} 1-0

[Event "Team 45 45 League T58"]
[Site "Internet Chess Club"]
[Date "2013.09.27"]
[Round "6"]
[White "chrisgianno"]
[Black "QuieroAprender"]
[Result "0-1"]
[WhiteElo "1662"]
[BlackElo "1757"]
[Opening "King's gambit"]
[ECO "C30"]
[Time "14:17:31"]
[TimeControl "2700+45"]

1. e4 e5 2. f4 d6 3. Nc3 exf4 4. Nf3 c6 5. d4 g6 6. Bxf4 Bg7 7. Bc4 Bg4 8. O-O
b5 9. Bxf7+ Kxf7 10. Ng5+ Ke8 11. Qxg4 Bxd4+ 12. Kh1 Qd7 13. Qe6+ Qxe6 14. Nxe6
Bb6 15. Bxd6 Nd7 16. Rad1 Ngf6 17. e5 Ng4 18. Ng7+ Kd8 19. e6 Ndf6 20. e7+ Kc8
21. Ne4 Nxe4 22. Rf8+ Kb7 23. Bg3 Rhxf8 24. exf8=Q Rxf8 {White resigns} 0-1